 Dungeon Crawl Stone Soup version 0.18.1-8-gdd0e5ea (webtiles) character file.

52 zeroDi the Sneak (level 3, 0/18 HPs)
             Began as a Vine Stalker Assassin on May 24, 2016.
             Slain by Sigmund
             ... wielding a +0 scythe
              (3 damage)
             ... on level 2 of the Dungeon.
             The game lasted 00:03:54 (878 turns).

zeroDi the Sneak (Vine Stalker Assassin)             Turns: 878, Time: 00:03:56

Health: 0/18       AC:  4    Str: 13    XL:     3   Next: 85%
Magic:  0/4        EV: 11    Int: 11    God:
Gold:   91         SH:  0    Dex: 16    Spells: 0 memorised, 2 levels left

rFire  . . .     SeeInvis .     a - +2 dagger
rCold  . . .     Gourm    .     c - +0 robe
rNeg   . . .     Faith    .     (no shield)
rPois  .         Spirit   +     (no helmet)
rElec  .         Dismiss  .     d - +0 cloak
rCorr  .         Reflect  .     m - +0 pair of gloves
SustAt .         Harm     .     (no boots)
MR     .....                    (no amulet)
Stlth  +++.......               (no ring)
                                (no ring)

@: not resistant to hostile enchantments, fairly stealthy
A: fangs 2, regeneration 1, magic shield, antimagic bite, no device heal 3, rot
immunity
a: no special abilities


You were on level 2 of the Dungeon.
You were not hungry.

You visited 1 branch of the dungeon, and saw 2 of its levels.

You collected 91 gold pieces.


Innate Abilities, Weirdness & Mutations

You have extremely sharp teeth.
Your natural rate of healing is unusually fast.
When hurt, damage is shared between your health and your magic reserves.
Your bite disrupts and absorbs the magic of your enemies.
Potions and wands cannot restore your health.
You are immune to rotting.


   Skills:
 - Level 1.7 Fighting
 + Level 3.6 Short Blades
 - Level 1.7 Throwing
 - Level 0.7 Dodging
 - Level 4.8 Stealth


You had 2 spell levels left.
You didn't know any spells.

Inventory:

Hand Weapons
 a - a +2 dagger (weapon)
 b - a +0 blowgun
Missiles
 e - 42 poisoned needles
 f - 2 curare-tipped needles {=f}
 h - 2 needles of sleeping
 q - 2 needles of confusion
Armour
 c - a +0 robe (worn)
 d - a +0 cloak (worn)
 m - a +0 pair of gloves (worn)
Jewellery
 r - a cursed ring of loudness {unknown}
 y - an uncursed ring of protection from cold {unknown}
Scrolls
 i - a scroll of fear {unknown}
 j - a scroll of random uselessness {unknown}
 n - a scroll of enchant weapon {unknown}
 p - a scroll of amnesia {unknown}
 s - a scroll of fog {unknown}
 t - a scroll of magic mapping {unknown}
 v - a scroll of teleportation {unknown}
 w - a scroll of identify {unknown}
Potions
 k - 2 potions of berserk rage {unknown}
 o - 3 potions of curing {unknown}
 x - a potion of might {unknown}
Comestibles
 g - 2 bread rations
 l - a meat ration
 u - 4 chunks of flesh

Dungeon Overview and Level Annotations

Branches:
Dungeon (2/15)

Altars:

Annotations:
D:2 Sigmund

#############
#...........#
##'#########.#
#.......# #.####
#.......# #@{..#
#.......# ####.#
###.......## #.#
+..........# #.@ ##
####.....†.######...
#.
+.......'...##....
#.
#.......###..######
#. #...)...# ##.##..
#. ######### #.##.#
#########.


There were no monsters in sight!


Message History

Something hits you!
You hear some strange, mumbled words.
You are confused.
You bump into the rock wall.
Something hits you but does no damage.
You miss something.
You bump into the rock wall.
Something hits you.
* * * LOW HITPOINT WARNING * * *
You miss something. You bite something. You drain its magic.
You feel invigorated.
You miss something. Something hits you!
* * * LOW HITPOINT WARNING * * *
You bump into the rock wall.
Something hits you.
* * * LOW HITPOINT WARNING * * *
You closely miss something. Your bite misses something.
You feel less confused.
You hit something. You bite something. You drain its magic.
You feel invigorated. Something hits you but does no damage.
You closely miss something. You miss something. You bite something.
Something hits you!
You die...

Action                   || total
-------------------------++-------
Melee: Dagger            ||    60
       Bite              ||    12
 Stab: Sleeping          ||    11
Armor: Robe              ||    13
Dodge: Dodged            ||    14

Vault maps used:
D:1:      minmay_arrival_shattered_statue
D:2:      lemuel_crystal_altar, patterned_corridor, uniq_terence, uniq_sigmund,
          uniq_crazy_yiuf_cottage, uniq_robin

Notes
Turn   | Place    | Note
--------------------------------------------------------------
     0 | D:1      | zeroDi the Vine Stalker Assassin began the quest for the Orb.
     0 | D:1      | Reached XP level 1. HP: 11/11 MP: 2/2
     6 | D:1      | Reached skill level 2 in Short Blades
    43 | D:1      | Reached XP level 2. HP: 15/15 MP: 3/3
   289 | D:1      | Reached skill level 3 in Short Blades
   299 | D:1      | Reached XP level 3. HP: 18/18 MP: 4/4
   859 | D:2      | Noticed Sigmund
   878 | D:2      | Slain by Sigmund

Vanquished Creatures
  2 adders (D:2)
  4 dart slugs (D:1)
  A giant gecko (D:1)
  2 giant cockroaches (D:1)
  3 goblins
  A hobgoblin (D:1)
  6 kobolds
  6 bats
  3 rats (D:1)
28 creatures vanquished.
